 Dungeon Crawl Stone Soup version 0.28-a0-750-g7c675f85b1 (webtiles) character file.

Game seed: 5045996243992104488

5693 bande the Cleaver (level 10, -11/61 HPs)
             Began as a Gargoyle Fighter on Oct 29, 2021.
             Was an Elder of Okawaru.
             Killed by refrigeration
             ... invoked by Fannar
              (22 damage)
             ... on level 11 of the Dungeon.
             The game lasted 00:20:13 (13316 turns).

bande the Cleaver (Gargoyle Fighter)               Turns: 13316, Time: 00:20:14

Health: -11/61     AC: 30    Str: 15    XL:     10   Next: 76%
Magic:  14/14      EV:  5    Int: 10    God:    Okawaru [****..]
Gold:   627        SH:  7    Dex: 11    Spells: 7/9 levels left

rFire   . . .      SeeInvis .   a - +0 war axe (freeze)
rCold   . . .      Faith    .   s - +2 buckler of Gluttony {rN++ Str-5 Slay+5}
rNeg    + + +      Spirit   .   E - +0 plate armour
rPois   ∞          Reflect  .   (no helmet)
rElec   +          Harm     .   l - +2 cloak
rCorr   +          Rampage  .   (no gloves)
Will    .....                   n - +1 pair of boots
Stlth   ..........              (no amulet)
HPRegen 0.20/turn               r - ring of resist corrosion
MPRegen 0.14/turn               x - +4 ring of protection

@: mighty
A: sickness immunity, AC +7, negative energy resistance 1, electricity
resistance, torment resistance 1, petrification resistance
a: Renounce Religion, Heroism, Finesse


You were on level 11 of the Dungeon.
You worshipped Okawaru.
Okawaru was greatly pleased with you.
You visited 2 branches of the dungeon, and saw 12 of its levels.

You collected 627 gold pieces.

Inventory:

Hand Weapons
 a - a +0 war axe of freezing (weapon)
 f - a +1 flail of protection
 m - a +0 war axe
 C - a +0 war axe
Armour
 c - a +0 buckler
 h - a +0 ring mail of fire resistance
 l - a +2 cloak (worn)
 n - a +1 pair of boots (worn)
 s - the +2 buckler of Gluttony (worn) {rN++ Str-5 Slay+5}
   (You found it on level 4 of the Dungeon)

   Str:       It affects your strength (-5).
   Slay:      It affects your accuracy & damage with ranged weapons and melee
   (+5).
   rN:        It greatly protects you from negative energy.
 D - a scarf of invisibility
 E - a +0 plate armour (worn)
 G - a +1 helmet
Jewellery
 r - a ring of resist corrosion (left hand)
 u - a ring of fire
 x - a +4 ring of protection (right hand)
Wands
 w - a wand of iceblast (5)
 y - a wand of acid (8)
 B - a wand of flame (23)
 F - a wand of polymorph (8)
Scrolls
 e - 2 scrolls of amnesia
 o - a scroll of fear
 q - a scroll of teleportation
 v - a scroll of brand weapon
 A - 3 scrolls of identify
Potions
 d - a potion of might
 g - a potion of invisibility
 i - 4 potions of curing
 j - a potion of ambrosia
 k - 2 potions of cancellation
 p - 3 potions of heal wounds {unknown}
 t - 3 potions of haste
 z - 2 potions of attraction {unknown}
Miscellaneous
 b - a piece from Xom's chessboard (15/15)


   Skills:
 + Level 6.9 Fighting
 + Level 9.1 Axes
 + Level 7.6 Armour
 + Level 6.0 Shields
 * Level 5.4 Translocations
 * Level 5.6 Invocations


You had 7 spell levels left.
You knew the following spells:

 Your Spells              Type           Power      Damage    Failure   Level
a - Blink                 Tloc           20%        N/A       96%         2

Your spell library contained the following spells:

 Spells                   Type           Power      Damage    Failure   Level
 Lesser Beckoning         Tloc           10%        N/A       99%         3
 Teleport Other           Tloc           10%        N/A       99%         3
 Frozen Ramparts          Ice            0%         1d2       100%        3
 Ignite Poison            Fire/Tmut/Pois 0%         N/A       100%        3
 Mephitic Cloud           Conj/Pois/Air  0%         N/A       100%        3
 Stone Arrow              Conj/Erth      0%         3d7       100%        3
 Ice Form                 Ice/Tmut       0%         N/A       100%        4
 Agony                    Necr           0%         N/A       100%        5
 Freezing Cloud           Conj/Ice/Air   0%         6-21      100%        5
 Manifold Assault         Tloc           10%        N/A       100%        5
 Dispersal                Tloc           5%         N/A       100%        6
 Storm Form               Tmut/Air       0%         N/A       100%        7
 Disjunction              Tloc           5%         N/A       100%        8
 Lehudib's Crystal Spear  Conj/Erth      0%         10d2      100%        8
 Sublimation of Blood     Necr           Unusable   N/A       N/A         2
 Animate Armour           Summ/Erth      Unusable   N/A       N/A         4
 Summon Ice Beast         Ice/Summ       Unusable   N/A       N/A         4
 Malign Gateway           Summ/Tloc      Unusable   N/A       N/A         7

Dungeon Overview and Level Annotations

Branches:
Dungeon (11/15)            Temple (1/1) D:4
   Lair: D:8-11         Orc: D:9-12

Altars:
Ashenzari
Cheibriados
Dithmenos
Elyvilon
Fedhas
Gozag
Hepliaklqana
Kikubaaqudgha
Makhleb
Nemelex Xobeh
Okawaru
Qazlal
Ru
Sif Muna
Trog
Uskayaw
Vehumet
Wu Jian
Xom
Yredelemnul
Zin
The Shining One

Annotations:
D:9 3 runed translucent doors, Pooter's ghost, novice GrVM
D:10 exclusion: obsidian statue
D:11 Fannar


Innate Abilities, Weirdness & Mutations

You are immune to sickness and miasma.
Your stone body is resilient. (AC +7)
You are immune to poison.
You resist negative energy. (rN+)
You are resistant to electric shocks. (rElec)
You are resistant to unholy torment.
You are immune to petrification.


Message History

Fannar hits you but does no damage.
You hit Fannar but do no damage.
Fannar is lightly wounded.
Fannar hits you but does no damage.
You miss Fannar.
Fannar is lightly wounded.
Fannar hits you but does no damage.
You barely miss Fannar.
Fannar is lightly wounded.
Fannar casts a spell.
Fannar drains the heat from the surrounding environment!
You slash Fannar!
Fannar is moderately wounded.
Fannar casts a spell.
Fannar drains the heat from the surrounding environment!
You closely miss Fannar.
Fannar is moderately wounded.
You block Fannar's attack.
You feel better.
Fannar says, "I shall freeze you to your soul!"
Fannar hits you but does no damage.
You feel very mighty all of a sudden. Fannar hits you but does no damage.
You slash Fannar!
Fannar is moderately wounded.
Fannar hits you but does no damage.
You completely miss Fannar.
Fannar is moderately wounded.
Fannar hits you with a +0 quarterstaff of freezing.
Fannar freezes you.
You slash Fannar!
Fannar is heavily wounded.
Fannar casts a spell.
Fannar drains the heat from the surrounding environment!
* * * LOW HITPOINT WARNING * * *
You completely miss Fannar.
Fannar is heavily wounded.
Fannar casts a spell.
Fannar drains the heat from the surrounding environment!
You die...

.. ... ...########
#### .......... .....
....... ..... ....#
...... #.e#
......#######.@#
...............#
......................
......................
........<.........!...
......................
......................
......................
#######..#########....


You could see Fannar.

Vanquished Creatures
  A two-headed ogre (D:9)
  A troll (D:10)
  Sigmund (D:3)
  A wraith (D:10)
  A shadow (D:10)
  6 yaks (D:9)
  A steam dragon (D:7)
  An acid dragon (D:10)
  Duvessa (D:6)
  2 orc warriors
  2 ice beasts
  3 ogres
  A black bear (D:4)
  3 centaurs
  2 phantoms
  3 kobold brigands
  A bullfrog (D:6)
  2 scorpions
  Dowan (D:6)
  A water moccasin zombie (D:5)
  A water moccasin skeleton (D:5)
  6 killer bees (D:7)
  3 wights (D:7)
  An electric eel (D:8)
  3 centaur zombies
  A hound (D:4)
  Crazy Yiuf (D:3)
  2 jellies
  A centaur skeleton (D:5)
  A gnoll shaman (D:3)
  Jessica (D:2)
  3 iguanas
  6 orc wizards
  A killer bee zombie (D:7)
  A human simulacrum (D:9)
  9 gnolls
  8 adders
  2 white imps
  2 ufetubi
  A worm (D:3)
  2 dart slugs
  14 orcs
  6 ball pythons
  6 bats
  16 endoplasms
  A giant cockroach (D:4)
  8 goblins
  6 hobgoblins
  5 quokkas
  7 frilled lizards
  17 kobolds
  12 rats
  A spectral orc (D:8)
190 creatures vanquished.

Vanquished Creatures (others)
  A human simulacrum (D:9)
  3 fungi (D:3)
  3 plants (D:8)
7 creatures vanquished.

Grand Total: 197 creatures vanquished

Notes
Turn   | Place    | Note
-------+----------+-------------------------------------------
     0 | D:1      | bande the Gargoyle Fighter began the quest for the Orb.
     0 | D:1      | Reached XP level 1. HP: 14/14 MP: 1/1
   227 | D:1      | Got the Collected Works on Orientation and Evil
   241 | D:1      | Reached XP level 2. HP: 19/19 MP: 2/2
   611 | D:1      | Reached skill level 2 in Axes
   611 | D:1      | Reached XP level 3. HP: 6/24 MP: 3/3
  1719 | D:2      | Reached XP level 4. HP: 24/29 MP: 4/4
  1975 | D:2      | Reached skill level 3 in Axes
  2458 | D:2      | Found a faded altar of an unknown god.
  2503 | D:2      | Noticed Jessica
  2505 | D:2      | Killed Jessica
  2506 | D:2      | Reached XP level 5. HP: 33/33 MP: 5/5
  2705 | D:2      | Learned a level 2 spell: Blink
  3018 | D:3      | Noticed Sigmund
  3039 | D:3      | Killed Sigmund
  3040 | D:3      | Reached skill level 4 in Axes
  3040 | D:3      | Reached skill level 1 in Translocations
  3040 | D:3      | Reached XP level 6. HP: 24/39 MP: 6/6
  3628 | D:3      | Found a white marble altar of Elyvilon.
  4026 | D:3      | Found a runed translucent door.
  4027 | D:3      | Noticed Crazy Yiuf
  4037 | D:3      | Killed Crazy Yiuf
  4313 | D:4      | Found an ornate altar of the Wu Jian Council.
  4349 | D:4      | Reached XP level 7. HP: 23/44 MP: 7/7
  4948 | D:3      | Reached skill level 5 in Armour
  5602 | D:4      | Found an ancient bone altar of Kikubaaqudgha.
  5661 | D:4      | Reached skill level 5 in Axes
  5906 | D:4      | Found a staircase to the Ecumenical Temple.
  5917 | Temple   | Entered the Ecumenical Temple
  6314 | D:4      | Found an iron altar of Okawaru.
  6321 | D:4      | Became a worshipper of Warmaster Okawaru
  6682 | D:4      | Identified the +2 buckler of Gluttony {rN++ Str-5 Slay+5}
  6732 | D:5      | Entered Level 5 of the Dungeon
  6745 | D:5      | Reached XP level 8. HP: 48/48 MP: 8/8
  6792 | D:5      | Reached skill level 5 in Fighting
  6891 | D:5      | Reached skill level 1 in Invocations
  7075 | D:5      | Reached * piety under Okawaru
  7076 | D:5      | Reached skill level 6 in Axes
  7677 | D:6      | Noticed Duvessa
  7677 | D:6      | Noticed Dowan
  7685 | D:6      | Killed Duvessa
  7686 | D:6      | Killed Dowan
  7832 | D:6      | Reached skill level 5 in Shields
  8020 | D:6      | Found a glowing silver altar of Zin.
  8023 | D:6      | Found a burning altar of Makhleb.
  8028 | D:6      | Noticed a green death
  8028 | D:6      | Noticed an angel
  8044 | D:6      | Reached XP level 9. HP: 46/54 MP: 9/11
  8697 | D:7      | Reached ** piety under Okawaru
  8712 | D:7      | Reached skill level 7 in Axes
 10313 | D:8      | Found a sacrificial altar of Ru.
 10314 | D:8      | Found a bloodstained altar of Trog.
 10314 | D:8      | Found a hide-covered altar of Uskayaw.
 10314 | D:8      | Found a radiant altar of Vehumet.
 10457 | D:8      | Found a hazy altar of Hepliaklqana.
 10919 | D:8      | Found a glowing golden altar of the Shining One.
 11125 | D:8      | Found a shimmering blue altar of Sif Muna.
 11522 | D:9      | Reached skill level 8 in Axes
 11522 | D:9      | Reached XP level 10. HP: 45/60 MP: 13/13
 11530 | D:9      | Reached *** piety under Okawaru
 11879 | D:9      | Found a runed translucent gate.
 11880 | D:9      | Found a runed translucent gate.
 11881 | D:9      | Found a runed translucent gate.
 11881 | D:9      | Noticed a spectral centaur warrior
 11883 | D:9      | Noticed a spectral centaur warrior
 11883 | D:9      | Noticed a spectral centaur warrior
 12326 | D:9      | Noticed a spectral centaur warrior
 12327 | D:9      | Noticed a spectral centaur warrior
 12327 | D:9      | Noticed Pooter's ghost (novice GrVM)
 12368 | D:10     | Entered Level 10 of the Dungeon
 12390 | D:10     | Reached skill level 5 in Translocations
 12390 | D:10     | Reached skill level 5 in Invocations
 12683 | D:10     | Noticed a two-headed ogre
 12709 | D:9      | Killed a two-headed ogre
 12709 | D:9      | Reached **** piety under Okawaru
 12878 | D:10     | Reached skill level 9 in Axes
 12935 | D:10     | Noticed an obsidian statue
 13298 | D:11     | Noticed Fannar
 13316 | D:11     | Killed from afar by Fannar

Illustrated notes

Levels and vault maps discovered:
D:1:      minmay_arrival_diagonal_passages, layout_basic, minmay_pentomino_z4
D:2:      layout_basic, ebering_ecumenical_altar_box, kennysheep_jessica_study
D:3:      layout_loops_ring, nicolae_elyvilon_peaceful_grove,
          serial_park_tiny_pond, st_stairs_8, uniq_sigmund,
          uniq_crazy_yiuf_cottage
D:4:      layout_gridville, kiku_gazebo_pond_becter, okawaru_gym_becter,
          nicolae_wu_jian_glorious_leap, minmay_temple_entry_antechambers
D:5:      layout_basic
D:6:      layout_cave_pools, grunt_temple_overflow_order_and_chaos_2,
          serial_park_tiny_pond, uniq_duvessa
D:7:      layout_basic, minmay_misc_feat_square
D:8:      layout_loops_ring, led_sif_book, nicolae_tso_swordbearing_angel,
          chequers_temple_overflow_statue_of_worship,
          nicolae_hepliaklqana_monster_ancestors, serial_bayou,
          serial_bayou_pond_e, serial_bayou_crossing, serial_bayou_pond_e,
          serial_bayou_shore_b, serial_bayou_shore_a, serial_bayou_pond_d,
          minmay_misc_feat_nine_boxes
D:9:      layout_long_grid, gammafunk_ghost_necromancy, bh_circular_ruins
D:10:     layout_roguey, minmay_misc_feat_cross, grunt_decor_one_mirror,
          minivault_16
D:11:     layout_long_grid, erik_lair_orcish_takeover, uniq_fannar
Temple:   compressed_dpeg_triangle_lava_temple

Skill      XL: |  1  2  3  4  5  6  7  8  9 10 |
---------------+-------------------------------+-----
Axes           | 2 3 4 5 6 8 9 |  9.1
Armour         | 4 5 6 7 |  7.6
Fighting       | 4 5 6 |  6.9
Shields        | 4 5 6 |  6.0
Translocations | 1 2 3 4 5 |  5.4
Invocations    | 2 4 5 |  5.6

Action                   |  1- 3 |  4- 6 |  7- 9 | 10-12 || total
-------------------------+-------+-------+-------+-------++-------
Melee: War axe           |   117 |   158 |   284 |   121 ||   680
  Use: Scroll            |     4 |     7 |     9 |       ||    20
       Potion            |       |       |     1 |     2 ||     3
Armor: Scale mail        |    51 |    88 |   178 |       ||   317
       Plate armour      |       |       |    19 |   124 ||   143
Dodge: Dodged            |    65 |    76 |   110 |    25 ||   276
Block: Buckler           |    24 |    35 |   128 |    41 ||   228

Table legend: (Time is in decaauts)
 A = Elapsed time spent in this place.
 B = Non-inter-level travel time spent in this place.
 C = Inter-level travel time spent in this place.
 D = Time resting spent in this place.
 E = Time spent auto-exploring this place.
 F = Levels seen in this place.
 G = Mean time per level.
                   A        B        C        D        E       F      G
               +--------+--------+--------+--------+--------+-----+--------+
         Total |  13525 |  13321 |    204 |   3449 |   7179 |  12 | 1127.1 |
       Dungeon |  13204 |  13000 |    204 |   3449 |   6936 |  11 | 1200.4 |
        Temple |    321 |    321 |      0 |      0 |    243 |   1 |  321.0 |
               +--------+--------+--------+--------+--------+-----+--------+

Top non-repeatable levels by time:
     D:3: 2162 daAuts
     D:7: 1593 daAuts
     D:1: 1560 daAuts
     D:2: 1453 daAuts
     D:4: 1361 daAuts
     D:9: 1267 daAuts
     D:8: 1102 daAuts
     D:5: 959 daAuts
     D:6: 939 daAuts
    D:10: 773 daAuts
  Temple: 321 daAuts
    D:11: 29 daAuts
